 Dungeon Crawl Stone Soup version 0.29.1-12-g30fa7ad0bf (webtiles) character file.

Game seed: 8648604188922108025

681 112233 the Zephyrmancer (level 7, -2/40 HPs)
             Began as a Tengu Air Elementalist on Dec 17, 2022.
             Was an Initiate of Gozag.
             Slain by Duvessa
             ... wielding a +0 short sword
              (6 damage)
             ... in the Ecumenical Temple.
             The game lasted 00:04:12 (5529 turns).

112233 the Zephyrmancer (Tengu Air Elementalist)    Turns: 5529, Time: 00:04:13

Health: -2/40      AC:  2    Str: 14 (15) XL:     7   Next: 61%
Magic:  12/12      EV: 15    Int: 17      God:    Gozag
Gold:   188        SH:  0    Dex: 14      Spells: 6/12 levels left

rFire   + . .      SeeInvis .   d - staff of conjuration
rCold   . . .      Faith    .   (no shield)
rNeg    . . .      Spirit   .   a - +0 robe
rPois   .          Reflect  .   (helmet restricted)
rElec   .          Harm     .   (no cloak)
rCorr   .          Rampage  .   (no gloves)
Will    .....                   (boots unavailable)
Stlth   ++........              (no amulet)
HPRegen 0.13/turn               u - +6 ring of strength
MPRegen 0.13/turn               z - ring of protection from fire

@: flying quickly and evasively, quick
A: beak, talons 3, nimble flight
a: Renounce Religion, Potion Petition, Call Merchant, Bribe Branch


You were in the Ecumenical Temple.
You worshipped Gozag.
Gozag was aware of your devotion.
You visited 2 branches of the dungeon, and saw 6 of its levels.

You collected 296 gold pieces.
You paid 108 gold pieces to Gozag.

Inventory:

Hand Weapons
 h - a +0 war axe of flaming
Armour
 a - a +0 robe (worn)
 i - a +0 pair of gloves
 k - a +0 kite shield
Magical Staves
 d - a staff of conjuration (weapon)
Jewellery
 m - a ring of ice
 p - a ring of positive energy
 u - a +6 ring of strength (left hand)
 z - a ring of protection from fire (right hand)
Wands
 B - a wand of flame (7)
Scrolls
 c - 4 scrolls of magic mapping {unknown}
 g - a scroll of identify
 j - a scroll of enchant armour {unknown}
 n - a scroll of fear {unknown}
 q - 2 scrolls of vulnerability {unknown}
 s - a scroll of brand weapon {unknown}
 w - a scroll of immolation {unknown}
 x - a scroll of blinking {unknown}
 y - 2 scrolls of poison {unknown}
 A - a scroll of enchant weapon {unknown}
Potions
 b - a potion of magic
 e - a potion of resistance
 l - a potion of ambrosia {unknown}
 r - a potion of might
 t - a potion of berserk rage {unknown}
 v - a potion of curing


   Skills:
 + Level 2.2 Fighting
 + Level 3.5 Dodging
 - Level 2.0 Stealth
 + Level 3.0 Spellcasting
 - Level 1.3 Conjurations
 + Level 9.6 Air Magic


You had 6 spell levels left.
You knew the following spells:

 Your Spells              Type           Power      Damage    Failure   Level
a - Shock                 Conj/Air       100%       1d9       1%          1
b - Static Discharge      Conj/Air       32%        3-7/arc   2%          2
c - Swiftness             Air            35%        N/A       1%          3

Your spell library contained the following spells:

 Spells                   Type           Power      Damage    Failure   Level
 Poisonous Vapours        Pois/Air       38%        N/A       3%          2
 Airstrike                Air            17%        2d(3-19)  3%          4
 Necrotise                Necr           8%         1d4       17%         1
 Sting                    Tmut/Pois      8%         1d3       17%         1
 Scorch                   Fire           4%         2d5       26%         2
 Vampiric Draining        Necr           2%         2d6       45%         3
 Flame Wave               Conj/Fire      7%         2d5       78%         4
 Olgreb's Toxic Radiance  Pois           2%         N/A       86%         4
 Agony                    Necr           2%         N/A       99%         5
 Summon Cactus Giant      Summ           1%         N/A       100%        6


Dungeon Overview and Level Annotations

Branches:
Dungeon (5/15)             Temple (1/1) D:5

Altars:
Dithmenos
Fedhas
Gozag
Hepliaklqana
Makhleb
Ru
Sif Muna
Trog
Uskayaw
Wu Jian
Xom
Yredelemnul
Zin
The Shining One

Portals:
Sewer: D:5

Annotations:
Temple Duvessa


Innate Abilities, Weirdness & Mutations

You have a beak for a mouth.
You have claws for feet.
Your magical nature lets you fly swiftly and evasively.


Message History

Your surroundings suddenly seem different.
Duvessa rages.
You hear a shout!
You hear a shout!
Duvessa rages.
Duvessa rages.
You hear an angry hiss.
There is a staircase to the Ecumenical Temple here.
You fly downwards.
Welcome back to the Ecumenical Temple!
There is a staircase back to the Dungeon here.
Unknown command.
You start resting.
Magic restored.
You start resting.
HP restored.
You start waiting.
Done waiting.
You fly upwards.
Welcome back to the Dungeon!
You hear the sound of rushing water.
There is an entrance to a sewer on this level.
Hurry and find it before the portal rusts away!
Level annotation: Duvessa You hear the quick rusting of a drain very nearby.
The adder hisses angrily.
Duvessa barely misses you. Duvessa hits you with a +0 short sword.
There is a staircase to the Ecumenical Temple, spattered with blood here.
Duvessa hits you with a +0 short sword!
You fly downwards.
Welcome back to the Ecumenical Temple!
There is a staircase back to the Dungeon here.
Okay, then.
Unknown command.
Okay, then.
It was a potion of curing.
You feel better.
Duvessa hits you with a +0 short sword! x2
* * * LOW HITPOINT WARNING * * *
Unknown command.
As you read the scroll labelled JOWUALEALA, it crumbles to dust.
You hear a loud clanging noise!
It was a scroll of noise.
Duvessa hits you with a +0 short sword.
You die...
Your body crumbles into a pile of gold.

####+ ####...# #......#
#.e....# ##..@..##
#......# ...
#......#....
##...###+....
####'####......
####...#........+###...
#......#........#......
#......#........#......
##.._...##.._...##.._...


You could see Duvessa (berserk).

Vanquished Creatures
  Eustachio (D:3)
  An ogre (D:4)
  Dowan (D:5)
  A jelly (D:5)
  2 orc priests (D:5)
  A hound (D:3)
  3 iguanas
  Natasha (thrice) (D:4)
  An adder (D:2)
  3 gnolls (D:2)
  A worm (D:2)
  5 dart slugs
  13 orcs
  7 endoplasms
  A giant cockroach (D:4)
  7 goblins
  12 hobgoblins
  4 jackals (D:4)
  5 kobolds
  4 quokkas
  3 ball pythons
  5 bats
  6 frilled lizards
  6 rats
96 creatures vanquished.

Notes
Turn   | Place    | Note
-------+----------+-------------------------------------------
     0 | D:1      | 112233 the Tengu Air Elementalist began the quest for the
                  | Orb.
     0 | D:1      | Reached XP level 1. HP: 10/10 MP: 4/4
   342 | D:1      | Reached XP level 2. HP: 15/15 MP: 0/6
   612 | D:2      | Reached skill level 5 in Air Magic
   757 | D:2      | Reached XP level 3. HP: 19/19 MP: 3/7
  1027 | D:3      | Reached skill level 6 in Air Magic
  1027 | D:3      | Reached XP level 4. HP: 24/24 MP: 1/8
  1639 | D:2      | Learned a level 2 spell: Static Discharge
  1643 | D:2      | Learned a level 3 spell: Swiftness
  1966 | D:1      | Reached skill level 7 in Air Magic
  2750 | D:1      | Gained mutation: Your magical nature lets you fly swiftly
                  | and evasively. [Tengu growth]
  2750 | D:1      | Reached XP level 5. HP: 28/28 MP: 4/9
  3075 | D:4      | Noticed Natasha
  3082 | D:4      | Killed Natasha
  3244 | D:3      | Reached skill level 8 in Air Magic
  3619 | D:4      | Noticed an ogre
  3657 | D:4      | Killed an ogre
  3658 | D:4      | Reached skill level 9 in Air Magic
  3658 | D:4      | Reached XP level 6. HP: 32/32 MP: 4/10
  3793 | D:4      | Found a sacrificial altar of Ru.
  3891 | D:4      | Noticed Natasha
  4036 | D:4      | Killed Natasha
  4260 | D:4      | Noticed Natasha
  4262 | D:4      | Killed Natasha
  4263 | D:4      | Noticed Eustachio
  4278 | D:3      | Killed Eustachio
  4279 | D:3      | Reached skill level 1 in Fighting
  4279 | D:3      | Reached XP level 7. HP: 25/38 MP: 1/11
  4929 | D:5      | Entered Level 5 of the Dungeon
  4964 | D:5      | Found a staircase to the Ecumenical Temple.
  5110 | Temple   | Entered the Ecumenical Temple
  5226 | Temple   | Became a worshipper of Gozag Ym Sagoz the Greedy
  5275 | D:5      | Found a glowing drain.
  5277 | D:5      | Noticed Dowan
  5279 | D:5      | Noticed Duvessa
  5283 | D:5      | Killed Dowan
  5529 | Temple   | Slain by Duvessa

Illustrated notes

Levels and vault maps discovered:
D:1:      dpeg_arrival_tiny_a, layout_basic, st_stairs_11,
          minmay_misc_feat_ornament, columned_hall_lemuel
D:2:      layout_rooms, hex_tiny, kennysheep_generic_room_4
D:3:      layout_basic
D:4:      layout_layer_cave, lemuel_round_altar, kennysheep_boxes, uniq_natasha,
          uniq_eustachio
D:5:      layout_basic, minmay_temple_entry_sparse_star, gup_sewer_entry_glass,
          uniq_duvessa, uniq_ijyb
Temple:   mainiacjoe_temple_bowtie_tessellation

Skill      XL: |  1  2  3  4  5  6  7 |
---------------+----------------------+-----
Air Magic      | 5 6 7 9 |  9.6
Fighting       | 1 2 |  2.2
Dodging        | 3 |  3.5
Spellcasting   | 3 |  3.0
Stealth        | |  2.0
Conjurations   | |  1.3

Action                   |  1- 3 |  4- 6 |  7- 9 || total
-------------------------+-------+-------+-------++-------
Melee: Staff             |     1 |     8 |     6 ||    15
       Kick              |       |     1 |     1 ||     2
 Cast: Shock             |    48 |   110 |    18 ||   176
       Static Discharge  |       |     4 |     4 ||     8
  Use: Potion            |       |     5 |     1 ||     6
       Scroll            |       |       |     3 ||     3
Armor: Robe              |     5 |     7 |     1 ||    13
Dodge: Dodged            |     1 |    24 |    12 ||    37
